 Dungeon Crawl Stone Soup version 0.14-a0-1192-g192f278 (webtiles) character file.

2350 Psiweapon the Covert (level 9, -1/70 HPs)
             Began as a Naga Wizard on Dec 1, 2013.
             Was an Initiate of Cheibriados.
             Hit by a tomahawk of returning thrown by a crimson imp (10 damage)
             ... on Level 6 of the Dungeon.
             The game lasted 00:53:48 (6863 turns).

Psiweapon the Covert (Naga Wizard)                  Turns: 6863, Time: 00:53:48

HP  -1/70        AC  6     Str 14      XL: 9   Next: 30%
MP   2/19        EV 15     Int 21      God: Cheibriados [......]
Gold 217         SH  0     Dex 15      Spells:  4 memorised,  6 levels left

rFire  . . .     SeeInvis +     U - +2 great mace
rCold  + . .     Clarity  .     t - +2 leather armour {rC+}
rNeg   . . .     Conserve .     (no shield)
rPois  +         rCorr    .     b - +0 wizard hat
rElec  .         rRot     .     (no cloak)
SustAb . .       Spirit   .     (no gloves)
rMut   .         Warding  .     (no barding)
Saprov . . .     Stasis   .     (no amulet)
                                (no ring)
                                D - +1 ring of intelligence

@: agile, very slightly contaminated, hasted, slow, somewhat resistant to
hostile enchantments, extremely stealthy
A: spit poison, see invisible, deformed body, poison resistance, slowness 2, AC
+3
a: Spit Poison, Bend Time, Renounce Religion


You were on level 6 of the Dungeon.
You worshipped Cheibriados.
Cheibriados was noncommittal.
You were not hungry.

You visited 2 branches of the dungeon, and saw 7 of its levels.

You collected 217 gold pieces.

Inventory:

Hand weapons
 v - a +0,+0 short sword
 x - a -1,+1 orcish flail
 z - a -1,+0 orcish morningstar
 A - a +0,+0 sling
 I - a +3,+2 elven dagger
 U - a +2,+2 great mace (weapon)
 X - a +1,+0 elven sabre of speed
Missiles
 h - 18 darts
 j - 65 stones
 l - 18 sling bullets
 r - 5 steel darts
 w - 4 darts of flame
 E - 22 poisoned needles
 F - 3 tomahawks (quivered)
 P - 2 curare-tipped needles
Armour
 a - a +0 robe
 b - a +0 wizard hat (worn)
 t - a +2 leather armour of cold resistance (worn)
 L - a +0 cap
Magical devices
 y - a wand of disintegration (6)
 N - a wand of slowing (4)
 S - a wand of slowing (6)
Comestibles
 d - a bread ration
 H - 3 meat rations
Scrolls
 e - 2 scrolls of amnesia
 i - 4 scrolls of fear
 k - a scroll of teleportation
 n - 5 scrolls of remove curse {unknown}
 p - a scroll of enchant armour {unknown}
 q - a scroll of curse armour {unknown}
 u - a scroll of recharging {unknown}
 J - a scroll of magic mapping {unknown}
 M - 2 scrolls of immolation {unknown}
 O - a scroll of curse jewellery {unknown}
Jewellery
 B - an uncursed amulet of resist mutation
 D - a +1 ring of intelligence (left hand)
Potions
 f - a potion of restore abilities {unknown}
 g - 4 potions of curing
 m - 2 potions of speed
 o - a potion of resistance {unknown}
 s - a potion of brilliance {unknown}
 G - a potion of might {unknown}
 K - a potion of berserk rage {unknown}
 Q - a potion of degeneration {unknown}
Books
 c - a book of Minor Magic

   Spells                             Type                      Level
   *Magic Dart                        Conjuration                  1
   *Blink                             Translocation                2
   Call Imp                           Summoning                    2
   *Repel Missiles                    Charms/Air                   2
   Slow                               Hexes                        2
   Conjure Flame                      Conjuration/Fire             3
   *Mephitic Cloud                    Conjuration/Poison/Air       3


   Skills:
 + Level 3.8 Fighting
 + Level 4.1 Maces & Flails
 - Level 0.1 Throwing
 - Level 0.7 Armour
 - Level 2.0 Dodging
 + Level 10.0 Stealth
 + Level 3.4 Spellcasting
 - Level 2.0 Conjurations
 - Level 1.0 Charms
   Level 1.0 Summonings
 - Level 4.2 Translocations
 - Level 5.3 Air Magic
 - Level 3.0 Poison Magic


You had 6 spell levels left.
You knew the following spells:

 Your Spells              Type           Power        Failure   Level  Hunger
a - Magic Dart            Conj           ##..         8%          1    None
b - Blink                 Tloc           N/A          3%          2    ##.....
c - Mephitic Cloud        Conj/Pois/Air  ###.....     12%         3    ###....
d - Repel Missiles        Chrm/Air       ###.......   6%          2    ##.....


Dungeon Overview and Level Annotations

Branches:
Dungeon (6/16)             Temple (1/1) D:6

Altars:
Cheibriados
Elyvilon
Fedhas
Kikubaaqudgha
Okawaru
Trog
Vehumet
Xom
Yredelemnul
the Shining One

Annotations:
D:2 1 exclusion


Innate Abilities, Weirdness & Mutations

You cannot wear boots.
You can spit poison.
Your serpentine skin is tough (AC +3).
You have supernaturally acute eyesight.
Armour fits poorly on your strangely shaped body.
Your system is resistant to poisons.
You cover ground very slowly.


Message History

Aim: a crimson imp, wielding a sabre and wearing a glass ring (lightly wounded)
You throw a tomahawk. The tomahawk hits the crimson imp.
The crimson imp is lightly wounded.
Throwing (i - inventory. (,) - cycle):
F - 5 tomahawks (quivered)
Press: ? - help, Shift-Dir - straight line, f/p - crimson imp
Aim: a crimson imp, wielding a sabre and wearing a glass ring (lightly wounded)
You throw a tomahawk. The tomahawk misses the crimson imp.
The crimson imp throws a tomahawk of returning.
The tomahawk of returning misses you.
Throwing (i - inventory. (,) - cycle):
F - 4 tomahawks (quivered)
Press: ? - help, Shift-Dir - straight line, f/p - crimson imp
Aim: a crimson imp, wielding a sabre and wearing a glass ring (lightly wounded)
You throw a tomahawk. The tomahawk hits the crimson imp.
The crimson imp is lightly wounded.
The crimson imp shouts, "Embrace thy fall, thou rough-hewn fen-sucked simpleton!"
The crimson imp throws a tomahawk of returning.
The tomahawk of returning misses you.
The crimson imp throws a tomahawk of returning.
The tomahawk of returning hits you!
You die...

#. #.##.....##.#####. #..
#....###.......... ###>.
####.# #..........
#.....#######.###b##..####.
#.....#...........##..# #.
#.....................# #.
.....#%%.....#######.. #.
#...........(.##### #..###.
#.#.?>#.5.@.(.......#......
#..##(..>...#####.#...##.
#.. #....[..# ...#.... #.
####.##># ##...##. # #.##.#
##.##.. #.# .# #....# #.#
.#### #.##.. #.# ......
#.###. .....(....###.# #.


You could see a crimson imp.

Vanquished Creatures
  Grinder (D:5)
  A hungry ghost (D:6)
  Eustachio (D:5)
  The ghost of patman the Sneak, an average SpBe of Trog (D:6)
  An ogre (D:5)
  A phantom (D:5)
  Sigmund (D:4)
  Duvessa (D:5)
  A water moccasin (D:5)
  Blork the orc (D:6)
  A giant frog (D:6)
  A hippogriff zombie (D:6)
  Dowan (D:5)
  3 crimson imps
  3 hounds
  3 orc priests
  2 scorpions
  4 worker ants
  2 centaur skeletons
  2 orc wizards
  A quasit (D:6)
  3 iguanas
  8 adders
  3 gnolls (D:3)
  2 giant mites
  An inept item mimic (D:5)
  5 worms
  3 giant geckos
  An ooze (D:3)
  16 orcs
  2 ball pythons
  A bat skeleton (D:4)
  8 giant cockroaches
  10 goblins
  13 hobgoblins
  18 jackals
  2 quokkas
  11 bats
  9 giant newts
  A hobgoblin zombie (D:6)
  8 kobolds
  A kobold skeleton (D:5)
  7 rats
166 creatures vanquished.

Notes
Turn   | Place    | Note
--------------------------------------------------------------
     0 | D:1      | Psiweapon, the Naga Wizard, began the quest for the Orb.
     0 | D:1      | Reached XP level 1. HP: 13/13 MP: 5/5
   385 | D:1      | Reached XP level 2. HP: 20/20 MP: 1/7
   455 | D:1      | Learned a level 2 spell: Blink
   482 | D:1      | Reached skill level 4 in Stealth
   794 | D:2      | Reached XP level 3. HP: 24/26 MP: 7/9
  1087 | D:2      | Found a basalt altar of Yredelemnul.
  1266 | D:2      | Reached skill level 5 in Stealth
  1398 | D:2      | Learned a level 3 spell: Mephitic Cloud
  1401 | D:2      | Learned a level 2 spell: Repel Missiles
  1521 | D:2      | Reached XP level 4. HP: 33/33 MP: 9/11
  1753 | D:3      | Reached skill level 1 in Air Magic
  1944 | D:2      | Reached skill level 1 in Poison Magic
  2380 | D:3      | Reached XP level 5. HP: 39/39 MP: 12/12
  2681 | D:3      | Reached skill level 1 in Fighting
  3399 | D:4      | Noticed Sigmund
  3400 | D:4      | Reached skill level 6 in Stealth
  3400 | D:4      | Reached XP level 6. HP: 40/48 MP: 1/14
  3414 | D:4      | Killed Sigmund
  4199 | D:5      | Entered Level 5 of the Dungeon
  4206 | D:5      | Reached skill level 1 in Charms
  4206 | D:5      | Reached XP level 7. HP: 55/55 MP: 6/16
  4492 | D:5      | Reached skill level 7 in Stealth
  4727 | D:5      | Noticed Grinder
  4740 | D:5      | Paralysed by Grinder for 6 turns
  4761 | D:5      | Paralysed by Grinder for 2 turns
  4768 | D:5      | Killed Grinder
  5068 | D:5      | Reached skill level 8 in Stealth
  5068 | D:5      | Reached XP level 8. HP: 40/63 MP: 3/18
  5104 | D:5      | Noticed Eustachio
  5132 | D:5      | Reached skill level 1 in Maces & Flails
  5143 | D:5      | Killed Eustachio
  5296 | D:5      | Noticed Dowan
  5415 | D:5      | Noticed Duvessa
  5422 | D:5      | Killed Duvessa
  5462 | D:5      | Killed Dowan
  5659 | D:5      | Reached skill level 9 in Stealth
  6161 | D:6      | Reached skill level 5 in Air Magic
  6260 | D:6      | Reached XP level 9. HP: 54/69 MP: 18/18
  6277 | D:6      | Noticed Blork the orc
  6294 | D:6      | Killed Blork the orc
  6518 | D:6      | Noticed patman's ghost (average SpBe)
  6539 | D:6      | Killed patman's ghost
  6609 | D:6      | Found a staircase to the Ecumenical Temple.
  6614 | Temple   | Entered the Ecumenical Temple
  6645 | Temple   | Became a worshipper of Cheibriados the Contemplative
  6801 | D:6      | Reached skill level 10 in Stealth
  6863 | D:6      | Hit by a tomahawk of returning thrown by a crimson imp

Action                   |  1- 3 |  4- 6 |  7- 9 || total
-------------------------+-------+-------+-------++-------
Melee: Short sword       |    44 |    93 |       ||   137
       Morningstar       |       |    49 |   105 ||   154
       Flail             |       |     9 |       ||     9
       Great mace        |       |       |   153 ||   153
       Dagger            |       |       |    10 ||    10
       Sabre             |       |       |     5 ||     5
Throw: Dart              |     1 |     2 |       ||     3
       Tomahawk          |       |    29 |    32 ||    61
 Cast: Magic Dart        |    38 |    49 |    70 ||   157
       Mephitic Cloud    |       |    20 |    24 ||    44
 Abil: Spit Poison       |    13 |    28 |    26 ||    67
Evoke: Wand              |       |       |     9 ||     9
  Use: Scroll            |       |     3 |    10 ||    13
       Potion            |       |       |     2 ||     2
 Stab: Sleeping          |     4 |     6 |     6 ||    16
       Confused          |       |     7 |     3 ||    10
